Boston Bruins vs Montreal Canadiens
Created - Friday, June 9, 2023 at 07:03
Goals
|
| Boston Bruins |
1 |
0 |
1 |
2 |
| Montreal Canadiens |
2 |
2 |
0 |
4 |
|
Shots
|
| Boston Bruins |
10 |
10 |
14 |
34 |
| Montreal Canadiens |
11 |
10 |
8 |
29 |
|
1st period
1. Montreal Canadiens , Jonathan Marchessault 14 (Dylan Larkin 27, Adam Fox 30) at 0:32
2. Montreal Canadiens , Jonathan Marchessault 15 (Dylan Larkin 28, Tyler Myers 12) at 5:42 (PP)
3. Boston Bruins , Vincent Trocheck 28 (Matt Grzelcyk 14) at 19:16 (PP)
Penalties :
Joel Farabee (BOS) for Hooking (Minor) at 4:49, Dylan Larkin (MTL) for Kneeing (Minor) at 10:51, Filip Forsberg (MTL) for Interference (Minor) at 17:30
2nd period
4. Montreal Canadiens , Patrik Laine 28 (Dylan Larkin 29) at 4:28 (SH)
5. Montreal Canadiens , Patrik Laine 29 (Dylan Larkin 30) at 5:20 (SH)
Penalties :
Jack Quinn (MTL) for Hooking (Minor) at 4:16, Tyler Myers (MTL) for Hooking (Minor) at 12:25
3rd period
6. Boston Bruins , Anthony Beauvillier 12 (Pavel Zacha 23, Ryan Donato 23) at 0:51
Penalties :
Dylan Larkin (MTL) for Boarding (Minor) at 6:34
Goalie Stats
Pyotr Kochetkov (BOS), 25 saves from 29 shots - (0.862), L, 4-6-0, 60:00 minutes
Jacob Markstrom (MTL), 32 saves from 34 shots - (0.941), W, 27-18-8, 60:00 minutes
Players Stats for Boston Bruins
Player Name G A P +/- PIM S H SB GA TA FO MP PP MP PK MP
------------------------------------------------------------------------------------
Anthony Beauvillier 1 0 1 0 0 2 0 0 0 0 0/1 14:02 0:00 0:29
Brandon Hagel 0 0 0 0 0 0 1 0 0 0 0/2 14:56 0:00 0:00
Brock McGinn 0 0 0 0 0 1 0 0 1 0 0/0 11:20 0:00 0:00
Charlie McAvoy 0 0 0 -2 0 2 2 0 0 0 0/0 22:51 4:46 0:31
Danton Heinen 0 0 0 0 0 1 0 0 0 0 0/1 10:25 0:00 0:00
Joel Farabee 0 0 0 -2 2 6 2 0 0 2 0/0 18:09 5:06 0:00
Joonas Donskoi 0 0 0 -2 0 5 1 0 1 1 0/1 16:28 5:06 0:00
Jordan Spence 0 0 0 0 0 0 1 0 0 0 0/0 16:56 0:00 0:00
Mason Appleton 0 0 0 0 0 2 0 0 0 0 0/0 10:25 0:00 0:00
Matt Grzelcyk 0 1 1 0 0 0 2 0 0 1 0/0 19:19 4:56 0:00
Morgan Geekie 0 0 0 0 0 0 1 0 0 1 1/4 10:25 0:00 0:00
Pavel Zacha 0 1 1 0 0 0 3 0 0 0 9/10 18:18 4:36 0:29
Phil Kessel 0 0 0 0 0 4 1 2 0 1 0/0 19:05 4:36 0:24
Ryan Donato 0 1 1 -2 0 4 1 0 0 0 4/18 16:28 5:06 0:00
Samuel Girard 0 0 0 -2 0 1 1 1 0 0 0/0 23:23 4:46 0:31
Tyson Barrie 0 0 0 -1 0 2 1 0 0 0 0/0 22:03 4:56 0:22
Victor Mete 0 0 0 1 0 0 0 1 0 1 0/0 15:28 0:00 0:22
Vincent Trocheck 1 0 1 0 0 4 2 0 0 1 10/22 19:05 4:36 0:24
Players Stats for Montreal Canadiens
Player Name G A P +/- PIM S H SB GA TA FO MP PP MP PK MP
------------------------------------------------------------------------------------
Adam Fox 0 1 1 2 0 4 0 0 3 1 0/0 25:38 0:53 4:53
Alexandre Carrier 0 0 0 0 0 0 0 2 0 0 0/0 15:24 0:00 1:14
Brady Skjei 0 0 0 0 0 1 3 2 0 0 0/0 20:14 0:00 4:49
Christian Fischer 0 0 0 0 0 0 0 0 0 0 0/1 8:49 0:00 0:00
Dylan Larkin 0 4 4 3 4 1 0 0 1 0 11/16 17:31 0:32 2:49
Filip Forsberg 0 0 0 0 2 2 1 0 0 0 0/0 18:08 0:21 3:28
Filip Hronek 0 0 0 0 0 1 0 1 0 0 0/0 20:14 0:00 4:49
Jack Quinn 0 0 0 0 2 1 0 0 1 0 0/0 8:49 0:00 0:00
Jake Evans 0 0 0 -1 0 3 3 0 0 0 0/0 12:04 0:00 0:00
Jonathan Marchessault 2 0 2 1 0 6 0 1 1 0 2/2 15:13 0:32 0:30
Martin Necas 0 0 0 -1 0 0 1 3 0 0 2/8 12:31 0:00 0:27
Miles Wood 0 0 0 1 0 0 2 0 0 0 0/0 14:19 0:32 0:00
Patrik Laine 2 0 2 2 0 4 3 0 0 0 1/1 19:17 0:21 4:37
Scott Mayfield 0 0 0 0 0 0 0 0 0 0 0/0 14:08 0:00 0:00
Sidney Crosby 0 0 0 0 0 5 2 0 0 0 18/28 19:16 0:21 4:35
Tomas Nosek 0 0 0 0 0 0 0 0 0 0 0/1 8:49 0:00 0:00
Tyler Myers 0 1 1 2 2 1 3 3 0 1 0/0 24:23 0:53 3:39
Tyson Jost 0 0 0 -1 0 0 0 0 2 0 1/2 15:26 0:00 2:58
3 Stars
1 - Patrik Laine (MTL)
2 - Jonathan Marchessault (MTL)
3 - Dylan Larkin (MTL)
Power Play
Boston Bruins - 1 on 5 Attempt(s) - 20.00%
Montreal Canadiens - 1 on 1 Attempt(s) - 100.00%
Penalty Kill
Boston Bruins - 0 on 1 Attempt(s) - 0.00%
- Score 0 goal in Penalty Kill
Montreal Canadiens - 4 on 5 Attempt(s) - 80.00%
- Score 2 goal in Penalty Kill
Team Stat
Boston Bruins - Hits : 19 - Faceoff Wins : 24 - Blocked Shots : 4 - Penalty Minutes : 2
Montreal Canadiens - Hits : 18 - Faceoff Wins : 35 - Blocked Shots : 12 - Penalty Minutes : 10
Official
Referees : Evgeny Romasko and Tom Kowal
Linesman : Vaughan Rody and Darren Gibbs
Game Notes
No Game Note
Finance
Level 1 -- Attendance: 6000 (100.00%) -- Ticket Income $540,000
Level 2 -- Attendance: 5000 (100.00%) -- Ticket Income $250,000
Level 3 -- Attendance: 3000 (100.00%) -- Ticket Income $90,000
Level 4 -- Attendance: 4630 (92.60%) -- Ticket Income $92,600
Luxury Box -- Attendance: 881 (88.10%) -- Ticket Income $171,795
Game was played at the Bell Centre.
Total Attendance: 19511 (97.56%)
Total Ticket Income: $1,144,395
Other Income: $400,538
Total Income: $1,544,933
Boston Bruins
5 vs 5 Forward
Center Left Wing Right Wing Time % Phy DF OF
1 Vincent Trocheck Phil Kessel Brandon Hagel 30 1 2 2
2 Pavel Zacha Joel Farabee Anthony Beauvillier 30 1 2 2
3 Ryan Donato Joonas Donskoi Brock McGinn 25 1 2 2
4 Morgan Geekie Danton Heinen Mason Appleton 15 1 2 2
5 vs 5 Defense
Defense Defense Time % Phy DF OF
1 Charlie McAvoy Samuel Girard 35 1 2 2
2 Tyson Barrie Jordan Spence 35 1 2 2
3 Matt Grzelcyk Victor Mete 30 1 2 2
4 Charlie McAvoy Samuel Girard 0 1 2 2
PowerPlay Forward
Center Left Wing Right Wing Time % Phy DF OF
1 Vincent Trocheck Pavel Zacha Phil Kessel 50 1 2 2
2 Ryan Donato Joel Farabee Joonas Donskoi 50 1 2 2
PowerPlay Defense
Defense Defense Time % Phy DF OF
1 Charlie McAvoy Samuel Girard 50 1 2 2
2 Tyson Barrie Matt Grzelcyk 50 1 2 2
Penalty Kill 4 Players Forward
Center Wing Time % Phy DF OF
1 Vincent Trocheck Phil Kessel 50 1 2 2
2 Pavel Zacha Joel Farabee 50 1 2 2
Penalty Kill 4 Players Defense
Defense Defense Time % Phy DF OF
1 Charlie McAvoy Samuel Girard 50 1 2 2
2 Tyson Barrie Victor Mete 50 1 2 2
Penalty Kill - 3 Players Forward
Forward Time % Phy DF OF
1 Vincent Trocheck 50 1 2 2
2 Phil Kessel 50 1 2 2
Penalty Kill - 3 Players Defense
Defense Defense Time % Phy DF OF
1 Charlie McAvoy Samuel Girard 50 1 2 2
2 Tyson Barrie Victor Mete 50 1 2 2
4 vs 4 Forward
Center Wing Time % Phy DF OF
1 Vincent Trocheck Phil Kessel 50 1 2 2
2 Pavel Zacha Joel Farabee 50 1 2 2
4 vs 4 Defense
Defense Defense Time % Phy DF OF
1 Charlie McAvoy Samuel Girard 50 1 2 2
2 Tyson Barrie Matt Grzelcyk 50 1 2 2
Last Minutes Offensive
Center Left Wing Right Wing Defense Defense
Vincent Trocheck Pavel Zacha Phil Kessel Charlie McAvoy Samuel Girard
Last Minutes Defensive
Center Left Wing Right Wing Defense Defense
Vincent Trocheck Pavel Zacha Phil Kessel Charlie McAvoy Samuel Girard
Goaltenders
Starting : Pyotr Kochetkov
Backup : David Rittich
Extra Forwards
Normal : Mason Appleton, Brandon Hagel, Anthony Beauvillier - PP : Mason Appleton, Brandon Hagel - PK : Anthony Beauvillier
Extra Defensemen
Normal : Matt Grzelcyk, Victor Mete, Tyson Barrie - PP : Matt Grzelcyk - PK : Victor Mete, Tyson Barrie
Penalty Shots
Vincent Trocheck, Phil Kessel, Pavel Zacha, Joel Farabee, Brandon Hagel
Montreal Canadiens
5 vs 5 Forward
Center Left Wing Right Wing Time % Phy DF OF
1 Sidney Crosby Filip Forsberg Patrik Laine 30 1 1 3
2 Dylan Larkin Jonathan Marchessault Miles Wood 30 1 1 3
3 Martin Necas Tyson Jost Jake Evans 25 1 3 1
4 Tomas Nosek Christian Fischer Jack Quinn 15 1 3 1
5 vs 5 Defense
Defense Defense Time % Phy DF OF
1 Adam Fox Tyler Myers 30 1 2 2
2 Brady Skjei Filip Hronek 30 1 2 2
3 Scott Mayfield Alexandre Carrier 25 1 2 2
4 Adam Fox Tyler Myers 15 1 2 2
PowerPlay Forward
Center Left Wing Right Wing Time % Phy DF OF
1 Sidney Crosby Filip Forsberg Patrik Laine 50 1 0 4
2 Dylan Larkin Jonathan Marchessault Miles Wood 50 1 0 4
PowerPlay Defense
Defense Defense Time % Phy DF OF
1 Adam Fox Tyler Myers 50 1 1 3
2 Brady Skjei Filip Hronek 50 1 1 3
Penalty Kill 4 Players Forward
Center Wing Time % Phy DF OF
1 Sidney Crosby Filip Forsberg 50 1 4 0
2 Dylan Larkin Patrik Laine 50 1 4 0
Penalty Kill 4 Players Defense
Defense Defense Time % Phy DF OF
1 Adam Fox Tyler Myers 50 1 4 0
2 Brady Skjei Filip Hronek 50 1 4 0
Penalty Kill - 3 Players Forward
Forward Time % Phy DF OF
1 Sidney Crosby 50 1 4 0
2 Filip Forsberg 50 1 4 0
Penalty Kill - 3 Players Defense
Defense Defense Time % Phy DF OF
1 Adam Fox Tyler Myers 50 1 4 0
2 Brady Skjei Filip Hronek 50 1 4 0
4 vs 4 Forward
Center Wing Time % Phy DF OF
1 Sidney Crosby Filip Forsberg 50 1 2 2
2 Dylan Larkin Patrik Laine 50 1 2 2
4 vs 4 Defense
Defense Defense Time % Phy DF OF
1 Adam Fox Tyler Myers 50 1 2 2
2 Brady Skjei Filip Hronek 50 1 2 2
Last Minutes Offensive
Center Left Wing Right Wing Defense Defense
Sidney Crosby Filip Forsberg Patrik Laine Adam Fox Tyler Myers
Last Minutes Defensive
Center Left Wing Right Wing Defense Defense
Sidney Crosby Filip Forsberg Patrik Laine Adam Fox Tyler Myers
Goaltenders
Starting : Jacob Markstrom
Backup : Alex Nedeljkovic
Extra Forwards
Normal : Martin Necas, Jake Evans, Tyson Jost - PP : Martin Necas, Jake Evans - PK : Tyson Jost
Extra Defensemen
Normal : Scott Mayfield, Alexandre Carrier, Brady Skjei - PP : Scott Mayfield - PK : Alexandre Carrier, Brady Skjei
Penalty Shots
Sidney Crosby, Filip Forsberg, Dylan Larkin, Patrik Laine, Jonathan Marchessault
% Time on Ice - Boston Bruins
Lines # - Real PCT - Wanted PCT - Time Play
Normal Forward
1 - 28% - 30% - 14:05
2 - 27% - 30% - 13:35
3 - 23% - 25% - 11:20
4 - 21% - 15% - 10:25
Normal Defense
1 - 36% - 35% - 17:34
2 - 36% - 35% - 17:37
3 - 29% - 30% - 14:14
4 - 0% - 0% - 0:00
PP Forward
1 - 47% - 50% - 4:36
2 - 53% - 50% - 5:06
PP Defense
1 - 49% - 50% - 4:46
2 - 51% - 50% - 4:56
PK Forward
1 - 45% - 50% - 0:24
2 - 55% - 50% - 0:29
PK Defense
1 - 58% - 50% - 0:31
2 - 42% - 50% - 0:22
PK3 Forward
1 - 0% - 50%
2 - 0% - 50%
PK3 Defense
1 - 0% - 50%
2 - 0% - 50%
44 Forward
1 - 0% - 50%
2 - 0% - 50%
44 Defense
1 - 0% - 50%
2 - 0% - 50%
Last Minute Offensive - 0:00
Last Minute Defensive - 0:00
Total
Forward - 60:00
Defense - 60:00
|
% Time on Ice - Montreal Canadiens
Lines # - Real PCT - Wanted PCT - Time Play
Normal Forward
1 - 29% - 30% - 14:20
2 - 29% - 30% - 14:12
3 - 24% - 25% - 12:04
4 - 18% - 15% - 8:49
Normal Defense
1 - 28% - 30% - 13:56
2 - 31% - 30% - 15:25
3 - 29% - 25% - 14:08
4 - 12% - 15% - 5:56
PP Forward
1 - 40% - 50% - 0:21
2 - 60% - 50% - 0:32
PP Defense
1 - 100% - 50% - 0:53
2 - 0% - 50% - 0:00
PK Forward
1 - 47% - 50% - 4:35
2 - 53% - 50% - 5:07
PK Defense
1 - 50% - 50% - 4:53
2 - 50% - 50% - 4:49
PK3 Forward
1 - 0% - 50%
2 - 0% - 50%
PK3 Defense
1 - 0% - 50%
2 - 0% - 50%
44 Forward
1 - 0% - 50%
2 - 0% - 50%
44 Defense
1 - 0% - 50%
2 - 0% - 50%
Last Minute Offensive - 0:00
Last Minute Defensive - 0:00
Total
Forward - 60:00
Defense - 60:00
|
Play-by-Play
1st period
0:01 of 1st period - Sidney Crosby wins face-off versus Vincent Trocheck in neutral zone.
0:04 of 1st period - Brandon Hagel is hit by Sidney Crosby and loses puck.
0:32 of 1st period - Wrist shot by Jonathan Marchessault.
0:32 of 1st period - Goal by Jonathan Marchessault - Boston Bruins : 0 - Montreal Canadiens : 1.
0:33 of 1st period - Martin Necas wins face-off versus Ryan Donato in neutral zone.
0:44 of 1st period - Off-side.
0:45 of 1st period - Morgan Geekie wins face-off versus Tomas Nosek in neutral zone.
1:54 of 1st period - Snap shot by Sidney Crosby.
1:54 of 1st period - Stopped by Pyotr Kochetkov with a rebound.
2:12 of 1st period - Morgan Geekie is hit by Brady Skjei and loses puck.
2:21 of 1st period - Slapshot by Adam Fox.
2:21 of 1st period - Deflect By Jordan Spence.
2:21 of 1st period - Stopped by Pyotr Kochetkov with a rebound.
3:17 of 1st period - Joonas Donskoi is hit by Tyler Myers and loses puck.
3:46 of 1st period - Wrist shot by Ryan Donato.
3:46 of 1st period - Shot Misses the Net.
3:48 of 1st period - Slapshot by Charlie McAvoy.
3:48 of 1st period - Stopped by Jacob Markstrom without a rebound.
3:49 of 1st period - Vincent Trocheck wins face-off versus Sidney Crosby in Montreal Canadiens zone.
4:25 of 1st period - Icing by Phil Kessel.
4:26 of 1st period - Dylan Larkin wins face-off versus Vincent Trocheck in Boston Bruins zone.
4:27 of 1st period - Snap shot by Jonathan Marchessault.
4:27 of 1st period - Stopped by Pyotr Kochetkov without a rebound.
4:28 of 1st period - Dylan Larkin wins face-off versus Pavel Zacha in Boston Bruins zone.
4:41 of 1st period - Slapshot by Dylan Larkin.
4:41 of 1st period - Shot Misses the Net.
4:43 of 1st period - Wrist shot by Jonathan Marchessault.
4:43 of 1st period - Stopped by Pyotr Kochetkov with a rebound.
4:49 of 1st period - Minor Penalty to Joel Farabee for Hooking.
4:50 of 1st period - Patrik Laine wins face-off versus Vincent Trocheck in Boston Bruins zone.
5:20 of 1st period - Icing by Adam Fox.
5:21 of 1st period - Pavel Zacha wins face-off versus Dylan Larkin in Montreal Canadiens zone.
5:42 of 1st period - Wrist shot by Jonathan Marchessault.
5:42 of 1st period - Goal by Jonathan Marchessault - Boston Bruins : 0 - Montreal Canadiens : 2.
5:43 of 1st period - Pavel Zacha wins face-off versus Martin Necas in neutral zone.
7:09 of 1st period - Tyson Jost is hit by Pavel Zacha and loses puck.
7:28 of 1st period - Vincent Trocheck is hit by Brady Skjei and loses puck.
7:51 of 1st period - Wrist shot by Sidney Crosby.
7:51 of 1st period - Deflect By Filip Forsberg.
7:51 of 1st period - Stopped by Pyotr Kochetkov without a rebound.
7:52 of 1st period - Pavel Zacha wins face-off versus Martin Necas in Boston Bruins zone.
8:39 of 1st period - Slapshot by Mason Appleton.
8:39 of 1st period - Stopped by Jacob Markstrom without a rebound.
8:40 of 1st period - Sidney Crosby wins face-off versus Morgan Geekie in Montreal Canadiens zone.
8:40 of 1st period - Sidney Crosby is hit by Morgan Geekie.
9:14 of 1st period - Snap shot by Vincent Trocheck.
9:14 of 1st period - Stopped by Jacob Markstrom without a rebound.
9:15 of 1st period - Pavel Zacha wins face-off versus Martin Necas in Montreal Canadiens zone.
9:16 of 1st period - Snap shot by Joel Farabee.
9:16 of 1st period - Shot Misses the Net.
9:40 of 1st period - Miles Wood is hit by Vincent Trocheck and loses puck.
10:12 of 1st period - Icing by Brock McGinn.
10:13 of 1st period - Martin Necas wins face-off versus Ryan Donato in Boston Bruins zone.
10:14 of 1st period - Snap shot by Jake Evans.
10:14 of 1st period - Stopped by Pyotr Kochetkov without a rebound.
10:15 of 1st period - Pavel Zacha wins face-off versus Martin Necas in Boston Bruins zone.
10:30 of 1st period - Wrist shot by Jake Evans.
10:30 of 1st period - Stopped by Pyotr Kochetkov with a rebound.
10:51 of 1st period - Minor Penalty to Dylan Larkin for Kneeing.
10:52 of 1st period - Vincent Trocheck wins face-off versus Sidney Crosby in Montreal Canadiens zone.
12:51 of 1st period - Penalty to Dylan Larkin is over, Dylan Larkin is back on ice.
12:57 of 1st period - Alexandre Carrier is hit by Charlie McAvoy and loses puck.
13:21 of 1st period - Icing by Alexandre Carrier.
13:22 of 1st period - Dylan Larkin wins face-off versus Brandon Hagel in Montreal Canadiens zone.
13:27 of 1st period - Victor Mete is hit by Miles Wood and loses puck.
13:32 of 1st period - Slapshot by Jonathan Marchessault.
13:32 of 1st period - Shot Misses the Net.
13:34 of 1st period - Slapshot by Adam Fox.
13:34 of 1st period - Stopped by Pyotr Kochetkov with a rebound.
14:15 of 1st period - Adam Fox is hit by Charlie McAvoy and loses puck.
14:26 of 1st period - Slapshot by Sidney Crosby.
14:26 of 1st period - Shot Blocked by Samuel Girard.
14:49 of 1st period - Joel Farabee is hit by Tyler Myers and loses puck.
15:47 of 1st period - Wrist shot by Joonas Donskoi.
15:47 of 1st period - Shot Misses the Net.
15:49 of 1st period - Wrist shot by Ryan Donato.
15:49 of 1st period - Shot Misses the Net.
15:51 of 1st period - Snap shot by Brock McGinn.
15:51 of 1st period - Stopped by Jacob Markstrom with a rebound.
17:14 of 1st period - Icing by Victor Mete.
17:15 of 1st period - Sidney Crosby wins face-off versus Danton Heinen in Boston Bruins zone.
17:30 of 1st period - Minor Penalty to Filip Forsberg for Interference.
17:31 of 1st period - Ryan Donato wins face-off versus Tyson Jost in Montreal Canadiens zone.
17:31 of 1st period - Slapshot by Charlie McAvoy.
17:31 of 1st period - Shot Misses the Net.
17:33 of 1st period - Snap shot by Joonas Donskoi.
17:33 of 1st period - Deflect By Filip Hronek.
17:33 of 1st period - Stopped by Jacob Markstrom with a rebound.
17:35 of 1st period - Slapshot by Samuel Girard.
17:35 of 1st period - Deflect By Joel Farabee.
17:35 of 1st period - Stopped by Jacob Markstrom without a rebound.
17:36 of 1st period - Ryan Donato wins face-off versus Sidney Crosby in Montreal Canadiens zone.
17:37 of 1st period - Snap shot by Joel Farabee.
17:37 of 1st period - Stopped by Jacob Markstrom without a rebound.
17:38 of 1st period - Ryan Donato wins face-off versus Sidney Crosby in Montreal Canadiens zone.
17:39 of 1st period - Wrist shot by Joel Farabee.
17:39 of 1st period - Stopped by Jacob Markstrom with a rebound.
18:07 of 1st period - Slapshot by Joel Farabee.
18:07 of 1st period - Stopped by Jacob Markstrom without a rebound.
18:08 of 1st period - Sidney Crosby wins face-off versus Vincent Trocheck in Montreal Canadiens zone.
18:21 of 1st period - Snap shot by Sidney Crosby.
18:21 of 1st period - Stopped by Pyotr Kochetkov with a rebound.
18:23 of 1st period - Snap shot by Tyler Myers.
18:23 of 1st period - Shot Blocked by Phil Kessel.
18:33 of 1st period - Matt Grzelcyk is hit by Patrik Laine and loses puck.
18:40 of 1st period - Wrist shot by Patrik Laine.
18:40 of 1st period - Shot Misses the Net.
19:06 of 1st period - Snap shot by Vincent Trocheck.
19:06 of 1st period - Shot Misses the Net.
19:16 of 1st period - Wrist shot by Vincent Trocheck.
19:16 of 1st period - Goal by Vincent Trocheck - Boston Bruins : 1 - Montreal Canadiens : 2.
19:17 of 1st period - Jonathan Marchessault wins face-off versus Ryan Donato in neutral zone.
19:42 of 1st period - Morgan Geekie is hit by Patrik Laine and loses puck.
Goals for this period are 1 for Boston Bruins vs 2 for Montreal Canadiens.
Shots for this period are 10 for Boston Bruins vs 11 for Montreal Canadiens.
2nd period
0:01 of 2nd period - Vincent Trocheck wins face-off versus Martin Necas in neutral zone.
0:08 of 2nd period - Filip Hronek is hit by Vincent Trocheck.
0:17 of 2nd period - Off-side.
0:18 of 2nd period - Pavel Zacha wins face-off versus Dylan Larkin in neutral zone.
0:54 of 2nd period - Filip Hronek is hit by Joel Farabee and loses puck.
1:03 of 2nd period - Snap shot by Anthony Beauvillier.
1:03 of 2nd period - Shot Blocked by Martin Necas.
1:29 of 2nd period - Snap shot by Joel Farabee.
1:29 of 2nd period - Stopped by Jacob Markstrom with a rebound.
1:31 of 2nd period - Slapshot by Tyson Barrie.
1:31 of 2nd period - Stopped by Jacob Markstrom with a rebound.
1:33 of 2nd period - Slapshot by Pavel Zacha.
1:33 of 2nd period - Shot Blocked by Brady Skjei.
1:35 of 2nd period - Slapshot by Tyson Barrie.
1:35 of 2nd period - Shot Misses the Net.
1:37 of 2nd period - Snap shot by Anthony Beauvillier.
1:37 of 2nd period - Stopped by Jacob Markstrom without a rebound.
1:38 of 2nd period - Sidney Crosby wins face-off versus Brandon Hagel in Montreal Canadiens zone.
2:28 of 2nd period - Scott Mayfield is hit by Matt Grzelcyk and loses puck.
2:50 of 2nd period - Off-side.
2:51 of 2nd period - Sidney Crosby wins face-off versus Ryan Donato in neutral zone.
3:28 of 2nd period - Slapshot by Jonathan Marchessault.
3:28 of 2nd period - Stopped by Pyotr Kochetkov with a rebound.
3:48 of 2nd period - Wrist shot by Danton Heinen.
3:48 of 2nd period - Shot Blocked by Brady Skjei.
3:50 of 2nd period - Wrist shot by Danton Heinen.
3:50 of 2nd period - Stopped by Jacob Markstrom with a rebound.
4:02 of 2nd period - Snap shot by Jack Quinn.
4:02 of 2nd period - Shot Misses the Net.
4:16 of 2nd period - Minor Penalty to Jack Quinn for Hooking.
4:17 of 2nd period - Dylan Larkin wins face-off versus Ryan Donato in Montreal Canadiens zone.
4:28 of 2nd period - Slapshot by Patrik Laine.
4:28 of 2nd period - Goal by Patrik Laine - Boston Bruins : 1 - Montreal Canadiens : 3.
4:29 of 2nd period - Dylan Larkin wins face-off versus Ryan Donato in neutral zone.
4:40 of 2nd period - Wrist shot by Joonas Donskoi.
4:40 of 2nd period - Stopped by Jacob Markstrom without a rebound.
4:41 of 2nd period - Sidney Crosby wins face-off versus Ryan Donato in Montreal Canadiens zone.
5:16 of 2nd period - Off-side.
5:17 of 2nd period - Dylan Larkin wins face-off versus Ryan Donato in neutral zone.
5:20 of 2nd period - Wrist shot by Patrik Laine.
5:20 of 2nd period - Goal by Patrik Laine - Boston Bruins : 1 - Montreal Canadiens : 4.
5:21 of 2nd period - Sidney Crosby wins face-off versus Ryan Donato in neutral zone.
5:30 of 2nd period - Slapshot by Sidney Crosby.
5:30 of 2nd period - Shot Misses the Net.
5:32 of 2nd period - Slapshot by Brady Skjei.
5:32 of 2nd period - Stopped by Pyotr Kochetkov with a rebound.
5:34 of 2nd period - Slapshot by Filip Hronek.
5:34 of 2nd period - Shot Misses the Net.
5:36 of 2nd period - Slapshot by Filip Hronek.
5:36 of 2nd period - Stopped by Pyotr Kochetkov with a rebound.
5:56 of 2nd period - Snap shot by Dylan Larkin.
5:56 of 2nd period - Stopped by Pyotr Kochetkov with a rebound.
6:16 of 2nd period - Penalty to Jack Quinn is over, Jack Quinn is back on ice.
6:22 of 2nd period - Slapshot by Adam Fox.
6:22 of 2nd period - Stopped by Pyotr Kochetkov with a rebound.
6:24 of 2nd period - Snap shot by Tyson Jost.
6:24 of 2nd period - Shot Misses the Net.
8:42 of 2nd period - Wrist shot by Patrik Laine.
8:42 of 2nd period - Stopped by Pyotr Kochetkov without a rebound.
8:43 of 2nd period - Dylan Larkin wins face-off versus Vincent Trocheck in Boston Bruins zone.
10:21 of 2nd period - Wrist shot by Jonathan Marchessault.
10:21 of 2nd period - Stopped by Pyotr Kochetkov with a rebound.
10:51 of 2nd period - Joonas Donskoi is hit by Jake Evans and loses puck.
11:30 of 2nd period - Joel Farabee is hit by Patrik Laine and loses puck.
12:02 of 2nd period - Backhand shot by Vincent Trocheck.
12:02 of 2nd period - Stopped by Jacob Markstrom without a rebound.
12:03 of 2nd period - Vincent Trocheck wins face-off versus Sidney Crosby in Montreal Canadiens zone.
12:08 of 2nd period - Slapshot by Vincent Trocheck.
12:08 of 2nd period - Stopped by Jacob Markstrom without a rebound.
12:09 of 2nd period - Vincent Trocheck wins face-off versus Sidney Crosby in Montreal Canadiens zone.
12:16 of 2nd period - Wrist shot by Phil Kessel.
12:16 of 2nd period - Stopped by Jacob Markstrom without a rebound.
12:17 of 2nd period - Vincent Trocheck wins face-off versus Dylan Larkin in Montreal Canadiens zone.
12:25 of 2nd period - Minor Penalty to Tyler Myers for Hooking.
12:26 of 2nd period - Sidney Crosby wins face-off versus Ryan Donato in Montreal Canadiens zone.
12:38 of 2nd period - Wrist shot by Joel Farabee.
12:38 of 2nd period - Deflect By Adam Fox.
12:38 of 2nd period - Shot Blocked by Alexandre Carrier.
12:38 of 2nd period - Puck is out of play.
12:39 of 2nd period - Sidney Crosby wins face-off versus Ryan Donato in Montreal Canadiens zone.
13:46 of 2nd period - Filip Hronek is hit by Pavel Zacha and loses puck.
14:25 of 2nd period - Penalty to Tyler Myers is over, Tyler Myers is back on ice.
14:45 of 2nd period - Christian Fischer is hit by Samuel Girard and loses puck.
15:06 of 2nd period - Victor Mete is hit by Martin Necas and loses puck.
15:43 of 2nd period - Icing by Jonathan Marchessault.
15:44 of 2nd period - Dylan Larkin wins face-off versus Morgan Geekie in Montreal Canadiens zone.
15:57 of 2nd period - Snap shot by Morgan Geekie.
15:57 of 2nd period - Shot Blocked by Tyler Myers.
16:32 of 2nd period - Slapshot by Phil Kessel.
16:32 of 2nd period - Stopped by Jacob Markstrom without a rebound.
16:33 of 2nd period - Sidney Crosby wins face-off versus Vincent Trocheck in Montreal Canadiens zone.
16:38 of 2nd period - Phil Kessel is hit by Sidney Crosby.
17:11 of 2nd period - Wrist shot by Brock McGinn.
17:11 of 2nd period - Shot Blocked by Jonathan Marchessault.
17:27 of 2nd period - Samuel Girard is hit by Jake Evans and loses puck.
17:46 of 2nd period - Filip Hronek is hit by Jordan Spence and loses puck.
18:09 of 2nd period - Slapshot by Phil Kessel.
18:09 of 2nd period - Stopped by Jacob Markstrom without a rebound.
18:10 of 2nd period - Dylan Larkin wins face-off versus Ryan Donato in Montreal Canadiens zone.
18:21 of 2nd period - Tyson Barrie is hit by Tyler Myers and loses puck.
19:07 of 2nd period - Wrist shot by Jake Evans.
19:07 of 2nd period - Stopped by Pyotr Kochetkov with a rebound.
19:52 of 2nd period - Slapshot by Charlie McAvoy.
19:52 of 2nd period - Shot Misses the Net.
Goals for this period are 0 for Boston Bruins vs 2 for Montreal Canadiens.
Shots for this period are 10 for Boston Bruins vs 10 for Montreal Canadiens.
3rd period
0:01 of 3rd period - Sidney Crosby wins face-off versus Vincent Trocheck in neutral zone.
0:12 of 3rd period - Victor Mete is hit by Filip Forsberg.
0:16 of 3rd period - Wrist shot by Sidney Crosby.
0:16 of 3rd period - Stopped by Pyotr Kochetkov with a rebound.
0:26 of 3rd period - Adam Fox is hit by Matt Grzelcyk and loses puck.
0:45 of 3rd period - Snap shot by Pavel Zacha.
0:45 of 3rd period - Shot Blocked by Martin Necas.
0:47 of 3rd period - Snap shot by Pavel Zacha.
0:47 of 3rd period - Shot Misses the Net.
0:49 of 3rd period - Wrist shot by Anthony Beauvillier.
0:49 of 3rd period - Shot Misses the Net.
0:51 of 3rd period - Snap shot by Anthony Beauvillier.
0:51 of 3rd period - Goal by Anthony Beauvillier - Boston Bruins : 2 - Montreal Canadiens : 4.
0:52 of 3rd period - Vincent Trocheck wins face-off versus Sidney Crosby in neutral zone.
1:19 of 3rd period - Dylan Larkin is hit by Joel Farabee and loses puck.
1:28 of 3rd period - Slapshot by Tyler Myers.
1:28 of 3rd period - Stopped by Pyotr Kochetkov with a rebound.
2:30 of 3rd period - Sidney Crosby is hit by Phil Kessel and loses puck.
2:55 of 3rd period - Brady Skjei is hit by Pavel Zacha and loses puck.
3:03 of 3rd period - Icing by Jonathan Marchessault.
3:04 of 3rd period - Ryan Donato wins face-off versus Martin Necas in Montreal Canadiens zone.
3:05 of 3rd period - Slapshot by Joonas Donskoi.
3:05 of 3rd period - Stopped by Jacob Markstrom without a rebound.
3:06 of 3rd period - Tyson Jost wins face-off versus Joonas Donskoi in Montreal Canadiens zone.
3:17 of 3rd period - Snap shot by Matt Grzelcyk.
3:17 of 3rd period - Shot Misses the Net.
3:19 of 3rd period - Snap shot by Matt Grzelcyk.
3:19 of 3rd period - Shot Blocked by Tyler Myers.
3:21 of 3rd period - Wrist shot by Joonas Donskoi.
3:21 of 3rd period - Deflect By Ryan Donato.
3:21 of 3rd period - Stopped by Jacob Markstrom without a rebound.
3:22 of 3rd period - Sidney Crosby wins face-off versus Vincent Trocheck in Montreal Canadiens zone.
4:14 of 3rd period - Snap shot by Ryan Donato.
4:14 of 3rd period - Stopped by Jacob Markstrom with a rebound.
4:20 of 3rd period - Samuel Girard is hit by Jake Evans and loses puck.
5:44 of 3rd period - Snap shot by Ryan Donato.
5:44 of 3rd period - Stopped by Jacob Markstrom with a rebound.
5:46 of 3rd period - Snap shot by Joonas Donskoi.
5:46 of 3rd period - Stopped by Jacob Markstrom without a rebound.
5:47 of 3rd period - Vincent Trocheck wins face-off versus Sidney Crosby in Montreal Canadiens zone.
5:54 of 3rd period - Snap shot by Phil Kessel.
5:54 of 3rd period - Shot Misses the Net.
5:56 of 3rd period - Snap shot by Vincent Trocheck.
5:56 of 3rd period - Shot Blocked by Alexandre Carrier.
5:58 of 3rd period - Slapshot by Tyson Barrie.
5:58 of 3rd period - Deflect By Sidney Crosby.
5:58 of 3rd period - Stopped by Jacob Markstrom without a rebound.
5:59 of 3rd period - Sidney Crosby wins face-off versus Vincent Trocheck in Montreal Canadiens zone.
6:12 of 3rd period - Slapshot by Phil Kessel.
6:12 of 3rd period - Stopped by Jacob Markstrom without a rebound.
6:13 of 3rd period - Pavel Zacha wins face-off versus Dylan Larkin in Montreal Canadiens zone.
6:34 of 3rd period - Minor Penalty to Dylan Larkin for Boarding.
6:35 of 3rd period - Sidney Crosby wins face-off versus Vincent Trocheck in Montreal Canadiens zone.
6:46 of 3rd period - Backhand shot by Pavel Zacha.
6:46 of 3rd period - Shot Blocked by Filip Hronek.
6:48 of 3rd period - Slapshot by Charlie McAvoy.
6:48 of 3rd period - Shot Misses the Net.
7:35 of 3rd period - Patrik Laine is hit by Tyson Barrie and loses puck.
8:31 of 3rd period - Jonathan Marchessault is hit by Joonas Donskoi and loses puck.
8:34 of 3rd period - Penalty to Dylan Larkin is over, Dylan Larkin is back on ice.
9:53 of 3rd period - Icing by Victor Mete.
9:54 of 3rd period - Jonathan Marchessault wins face-off versus Ryan Donato in Boston Bruins zone.
10:45 of 3rd period - Adam Fox is hit by Brandon Hagel and loses puck.
11:02 of 3rd period - Wrist shot by Joel Farabee.
11:02 of 3rd period - Shot Misses the Net.
11:04 of 3rd period - Slapshot by Samuel Girard.
11:04 of 3rd period - Stopped by Jacob Markstrom without a rebound.
11:05 of 3rd period - Sidney Crosby wins face-off versus Vincent Trocheck in Montreal Canadiens zone.
11:14 of 3rd period - Snap shot by Sidney Crosby.
11:14 of 3rd period - Stopped by Pyotr Kochetkov without a rebound.
11:15 of 3rd period - Vincent Trocheck wins face-off versus Sidney Crosby in Boston Bruins zone.
11:27 of 3rd period - Icing by Filip Forsberg.
11:28 of 3rd period - Sidney Crosby wins face-off versus Vincent Trocheck in Montreal Canadiens zone.
11:50 of 3rd period - Snap shot by Filip Forsberg.
11:50 of 3rd period - Deflect By Patrik Laine.
11:50 of 3rd period - Stopped by Pyotr Kochetkov with a rebound.
11:52 of 3rd period - Snap shot by Filip Forsberg.
11:52 of 3rd period - Stopped by Pyotr Kochetkov without a rebound.
11:53 of 3rd period - Pavel Zacha wins face-off versus Dylan Larkin in Boston Bruins zone.
11:53 of 3rd period - Pavel Zacha is hit by Miles Wood.
12:02 of 3rd period - Snap shot by Joel Farabee.
12:02 of 3rd period - Stopped by Jacob Markstrom without a rebound.
12:03 of 3rd period - Dylan Larkin wins face-off versus Ryan Donato in Montreal Canadiens zone.
12:40 of 3rd period - Slapshot by Adam Fox.
12:40 of 3rd period - Stopped by Pyotr Kochetkov with a rebound.
12:58 of 3rd period - Slapshot by Charlie McAvoy.
12:58 of 3rd period - Stopped by Jacob Markstrom without a rebound.
12:59 of 3rd period - Dylan Larkin wins face-off versus Anthony Beauvillier in Montreal Canadiens zone.
13:26 of 3rd period - Victor Mete is hit by Brady Skjei and loses puck.
14:10 of 3rd period - Snap shot by Morgan Geekie.
14:10 of 3rd period - Shot Misses the Net.
14:12 of 3rd period - Slapshot by Mason Appleton.
14:12 of 3rd period - Stopped by Jacob Markstrom without a rebound.
14:13 of 3rd period - Pavel Zacha wins face-off versus Sidney Crosby in Montreal Canadiens zone.
14:16 of 3rd period - Wrist shot by Joel Farabee.
14:16 of 3rd period - Shot Misses the Net.
15:10 of 3rd period - Slapshot by Vincent Trocheck.
15:10 of 3rd period - Shot Blocked by Tyler Myers.
15:24 of 3rd period - Snap shot by Jack Quinn.
15:24 of 3rd period - Stopped by Pyotr Kochetkov with a rebound.
15:26 of 3rd period - Slapshot by Jack Quinn.
15:26 of 3rd period - Shot Misses the Net.
15:45 of 3rd period - Wrist shot by Sidney Crosby.
15:45 of 3rd period - Stopped by Pyotr Kochetkov with a rebound.
17:03 of 3rd period - Icing by Christian Fischer.
17:04 of 3rd period - Sidney Crosby wins face-off versus Morgan Geekie in Montreal Canadiens zone.
17:15 of 3rd period - Snap shot by Sidney Crosby.
17:15 of 3rd period - Shot Blocked by Victor Mete.
17:31 of 3rd period - Snap shot by Ryan Donato.
17:31 of 3rd period - Shot Blocked by Martin Necas.
19:01 of 3rd period - Slapshot by Ryan Donato.
19:01 of 3rd period - Stopped by Jacob Markstrom with a rebound.
19:03 of 3rd period - Snap shot by Joonas Donskoi.
19:03 of 3rd period - Stopped by Jacob Markstrom without a rebound.
19:04 of 3rd period - Vincent Trocheck wins face-off versus Christian Fischer in Montreal Canadiens zone.
19:29 of 3rd period - Jake Evans is hit by Ryan Donato and loses puck.
19:50 of 3rd period - Slapshot by Tyler Myers.
19:50 of 3rd period - Shot Blocked by Phil Kessel.
Goals for this period are 1 for Boston Bruins vs 0 for Montreal Canadiens.
Shots for this period are 14 for Boston Bruins vs 8 for Montreal Canadiens.
Back to the Top